WCHLSIM.com - West Coast Hockey League
html PUBLIC "-//W3C//DTD XHTML 1.0 Transitional//EN" "http://www.w3.org/TR/xhtml1/DTD/xhtml1-transitional.dtd"> WCHL - Game 141 - REGINA FALCONS vs SEATTLE GRUNGE

REGINA FALCONS vs SEATTLE GRUNGE

Created - 2 novembre 2023 at 21:22

Goals
1 2 3 T
REGINA FALCONS 1 0 0 1
SEATTLE GRUNGE 2 3 1 6
Shots
1 2 3 T
REGINA FALCONS 12 19 8 39
SEATTLE GRUNGE 13 7 6 26

1st period

1. SEATTLE GRUNGE , Tyler Seguin 4 (William Nylander 4, William Borgen 1) at 4:29
2. REGINA FALCONS , Jason Zucker 3 (Aaron Ekblad 5, Ivan Provorov 1) at 11:50
3. SEATTLE GRUNGE , Rem Pitlick 1 (William Borgen 2, Alexey Toropchenko 2) at 15:20

Penalties :
Max Jones (REG) for Hooking (Minor) at 6:18, Curtis Lazar (SEA) for Roughing (Minor) at 12:48

2nd period

4. SEATTLE GRUNGE , Travis Boyd 5 (Nico Sturm 4, Brett Kulak 3) at 5:15
5. SEATTLE GRUNGE , William Borgen 1 (Rem Pitlick 1, Alexey Toropchenko 3) at 15:06
6. SEATTLE GRUNGE , Curtis Lazar 1 (Sean Monahan 4) at 19:03

Penalties :
Nick Seeler (SEA) for High sticking (Minor) at 10:03, Warren Foegele (SEA) for Holding (Minor) at 12:32

3rd period

7. SEATTLE GRUNGE , Alexey Toropchenko 1 (Travis Sanheim 4, Rem Pitlick 2) at 12:25

Penalties :
Nikita Zaitsev (SEA) for Holding (Minor) at 5:49, Alexey Toropchenko (SEA) for Boarding (Minor) at 16:35, Eric Robinson (REG) for Hooking (Minor) at 19:17

Goalie Stats

Cale Morris (REG), 14 saves from 18 shots - (0,778), L, 0-2-1, 35:06 minutes
Kaden Fulcher (REG), 6 saves from 8 shots - (0,750), 24:54 minutes
Karel Vejmelka (SEA), 38 saves from 39 shots - (0,974), W, 4-6-0, 60:00 minutes

Players Stats for REGINA FALCONS

Player Name              G  A  P  +/- PIM S  H  SB GA TA FO     MP     PP MP  PK MP  
------------------------------------------------------------------------------------
Aaron Ekblad             0  1  1  -1  0   4  1  3  0  0  0/0    26:19   6:08   1:17 
Alexander Edler          0  0  0  -3  0   2  1  1  0  0  0/0    12:09   0:00   0:00 
Andrei Kuzmenko          0  0  0  -2  0   3  0  0  0  0  1/2    23:24   4:27   0:42 
Cole Smith               0  0  0  -2  0   1  4  0  0  0  6/10   19:55   2:59   0:00 
David Pastrnak           0  0  0  -2  0   11 0  0  0  0  2/3    25:24   7:09   0:00 
Eric Robinson            0  0  0  -1  2   1  4  0  0  0  0/2    20:10   1:19   1:17 
Erik Gustafsson          0  0  0  -1  0   3  0  1  0  0  0/0    21:32   3:47   1:24 
Greg Meireles            0  0  0  -2  0   0  0  0  0  0  5/7     8:13   1:00   0:00 
Ivan Provorov            0  1  1  -1  0   1  0  2  0  0  0/0    23:47   6:08   1:17 
Jacob Peterson           0  0  0   1  0   0  0  0  0  0  3/9     4:52   0:49   0:00 
Jason Zucker             1  0  1   1  0   8  2  0  0  0  0/2    19:18   5:28   0:42 
John Klingberg           0  0  0  -1  0   1  1  1  0  0  0/0    21:32   3:47   1:24 
Matthew Grzelcyk         0  0  0  -3  0   0  0  1  0  0  0/0    12:09   0:00   0:00 
Max Jones                0  0  0  -2  2   0  1  1  0  0  3/5    14:37   2:07   0:00 
Pierre-Olivier Joseph    0  0  0   0  0   0  0  0  0  0  0/0     2:32   0:00   0:00 
Rickard Rakell           0  0  0  -2  0   4  3  0  0  0  16/36  24:41   4:27   1:59 
Sammy Walker             0  0  0  -2  0   0  1  0  0  0  0/1     5:16   0:00   0:00 
Simon Ryfors             0  0  0  -2  0   0  0  0  0  0  9/19   11:27   0:00   0:42 

Players Stats for SEATTLE GRUNGE

Player Name              G  A  P  +/- PIM S  H  SB GA TA FO     MP     PP MP  PK MP  
------------------------------------------------------------------------------------
Alexey Toropchenko       1  2  3   3  2   1  1  0  0  0  1/1     7:06   0:00   0:00 
Brett Kulak              0  1  1   1  0   1  1  1  0  0  0/0    23:49   1:43   4:46 
Curtis Lazar             1  0  1   1  2   2  0  0  0  0  0/1    10:18   0:00   0:00 
Jakub Vrana              0  0  0   3  0   0  0  0  0  0  1/1     7:14   0:00   0:07 
Jimmy Vesey              0  0  0   1  0   0  0  0  0  0  1/2    10:26   0:00   0:07 
Kaiden Guhle             0  0  0   0  0   1  0  0  0  0  0/0    22:01   0:58   5:02 
Morgan Geekie            0  0  0   1  0   2  2  0  0  0  0/0    15:38   0:58   0:00 
Nick Seeler              0  0  0   4  2   0  1  2  0  0  0/0    15:28   0:00   1:26 
Nico Sturm               0  1  1   0  0   1  1  0  0  0  2/2    17:01   1:43   0:00 
Nikita Zaitsev           0  0  0   0  2   0  5  0  0  0  0/0    20:41   0:58   3:43 
Rem Pitlick              1  2  3   3  0   1  0  0  0  0  4/7     7:07   0:00   0:00 
Sean Monahan             0  1  1   1  0   1  0  0  0  0  17/22  14:00   0:00   3:41 
Travis Boyd              1  0  1   0  0   3  0  1  0  0  10/20  19:57   0:58   3:41 
Travis Sanheim           0  1  1   1  0   0  1  2  0  0  0/0    23:56   1:43   4:53 
Tyler Seguin             1  0  1   1  0   7  0  1  0  0  12/24  22:30   1:43   6:07 
Warren Foegele           0  0  0   0  2   0  2  0  0  0  1/3    16:15   0:58   0:00 
William Borgen           1  2  3   4  0   1  2  2  0  0  0/0    14:03   0:00   0:00 
William Nylander         0  1  1   1  0   5  1  0  0  0  2/13   22:30   1:43   6:07 

3 Stars

1 - William Borgen (SEA)
2 - Rem Pitlick (SEA)
3 - Alexey Toropchenko (SEA)

Power Play

REGINA FALCONS - 0 on 5 Attempt(s) - 0,00%
SEATTLE GRUNGE - 0 on 2 Attempt(s) - 0,00%

Penalty Kill

REGINA FALCONS - 2 on 2 Attempt(s) - 100,00% - Score 0 goal in Penalty Kill
SEATTLE GRUNGE - 5 on 5 Attempt(s) - 100,00% - Score 0 goal in Penalty Kill

Team Stat

REGINA FALCONS - Hits : 18 - Faceoff Wins : 45 - Blocked Shots : 10 - Penalty Minutes : 4
SEATTLE GRUNGE - Hits : 17 - Faceoff Wins : 51 - Blocked Shots : 9 - Penalty Minutes : 10

Official

Referees : Troy Paterson and Brandon Blandina
Linesman : Brandon Gawryletz and Andrew Smith

Game Notes

Jacob Peterson is injured at 18:22 of 1st period (Right Foot)
Kaden Fulcher enters game at 15:06 of 2nd period

Finance

Level 1 -- Attendance: 6000 (100,00%) -- Ticket Income 900 000 $
Level 2 -- Attendance: 5000 (100,00%) -- Ticket Income 500 000 $
Level 3 -- Attendance: 2377 (79,23%) -- Ticket Income 154 505 $
Level 4 -- Attendance: 4327 (86,54%) -- Ticket Income 237 985 $
Luxury Box -- Attendance: 995 (99,50%) -- Ticket Income 298 500 $
Total Attendance: 18699 (93,50%)
Total Ticket Income: 2 090 990 $
Other Expense: 20 910 $
Total Income: 2 070 080 $

REGINA FALCONS

5 vs 5 Forward 
   Center                   Left Wing                Right Wing               Time % Phy DF OF 
 1 Rickard Rakell           Andrei Kuzmenko          David Pastrnak           36     1   2  2  
 2 Jacob Peterson           Jason Zucker             Eric Robinson            31     1   2  2  
 3 Simon Ryfors             Cole Smith               Max Jones                23     1   2  2  
 4 Greg Meireles            Eric Robinson            Sammy Walker             10     1   2  2  

5 vs 5 Defense 
   Defense                  Defense                                           Time % Phy DF OF 
 1 Aaron Ekblad             Ivan Provorov                                     36     1   2  2  
 2 John Klingberg           Erik Gustafsson                                   31     1   2  2  
 3 Alexander Edler          Matthew Grzelcyk                                  23     1   2  2  
 4 Pierre-Olivier Joseph    Aaron Ekblad                                      10     1   2  2  

PowerPlay Forward 
   Center                   Left Wing                Right Wing               Time % Phy DF OF 
 1 Rickard Rakell           Andrei Kuzmenko          David Pastrnak           55     1   2  2  
 2 Jacob Peterson           Jason Zucker             David Pastrnak           45     1   2  2  

PowerPlay Defense
   Defense                  Defense                                           Time % Phy DF OF 
 1 Aaron Ekblad             Ivan Provorov                                     55     1   2  2  
 2 John Klingberg           Erik Gustafsson                                   45     1   2  2  

Penalty Kill 4 Players Forward 
   Center                   Wing                     Time % Phy DF OF 
 1 Rickard Rakell           Eric Robinson            55     1   2  2  
 2 Andrei Kuzmenko          Jason Zucker             45     1   2  2  

Penalty Kill 4 Players Defense
   Defense                  Defense                  Time % Phy DF OF 
 1 Aaron Ekblad             Ivan Provorov            55     1   2  2  
 2 John Klingberg           Erik Gustafsson          45     1   2  2  

Penalty Kill - 3 Players Forward 
   Forward                                           Time % Phy DF OF 
 1 Greg Meireles                                     55     1   2  2  
 2 Rickard Rakell                                    45     1   2  2  

Penalty Kill - 3 Players Defense
   Defense                  Defense                  Time % Phy DF OF 
 1 Aaron Ekblad             Ivan Provorov            55     1   2  2  
 2 John Klingberg           Erik Gustafsson          45     1   2  2  

4 vs 4 Forward 
   Center                   Wing                     Time % Phy DF OF 
 1 Rickard Rakell           Eric Robinson            55     1   2  2  
 2 Andrei Kuzmenko          Jason Zucker             45     1   2  2  

4 vs 4 Defense
   Defense                  Defense                  Time % Phy DF OF 
 1 Aaron Ekblad             Ivan Provorov            55     1   2  2  
 2 John Klingberg           Erik Gustafsson          45     1   2  2  

Last Minutes Offensive
   Center                   Left Wing                Right Wing               Defense                  Defense                  
   Rickard Rakell           Andrei Kuzmenko          David Pastrnak           Aaron Ekblad             Ivan Provorov            

Last Minutes Defensive
   Center                   Left Wing                Right Wing               Defense                  Defense                  
   Rickard Rakell           Andrei Kuzmenko          David Pastrnak           Aaron Ekblad             Ivan Provorov            

Goaltenders
Starting : Cale Morris              
Backup : Kaden Fulcher            

Extra Forwards
Normal : Cole Smith, Max Jones, Simon Ryfors - PP : Cole Smith, Max Jones - PK : Simon Ryfors
Extra Defensemen
Normal : Alexander Edler, Matthew Grzelcyk, Pierre-Olivier Joseph - PP : Alexander Edler - PK : Matthew Grzelcyk, Pierre-Olivier Joseph
Penalty Shots
David Pastrnak, Rickard Rakell, Andrei Kuzmenko, Jason Zucker, Eric Robinson
Custom OT Lines Forwards
David Pastrnak, Rickard Rakell, Andrei Kuzmenko, Jason Zucker, Eric Robinson, Jacob Peterson, Cole Smith, Max Jones, Simon Ryfors, Greg Meireles
Custom OT Lines Defensemen
Aaron Ekblad, Ivan Provorov, John Klingberg, Erik Gustafsson, Alexander Edler

Scratches
Anton Khudobin (Left Hand Injury), Chris Driedger (Left Knee Injury)

SEATTLE GRUNGE

5 vs 5 Forward 
   Center                   Left Wing                Right Wing               Time % Phy DF OF 
 1 Tyler Seguin             Morgan Geekie            William Nylander         37     1   2  2  
 2 Travis Boyd              Warren Foegele           Nico Sturm               33     1   2  2  
 3 Sean Monahan             Jimmy Vesey              Curtis Lazar             23     1   2  2  
 4 Rem Pitlick              Jakub Vrana              Alexey Toropchenko       7      1   2  2  

5 vs 5 Defense 
   Defense                  Defense                                           Time % Phy DF OF 
 1 Travis Sanheim           Brett Kulak                                       40     1   2  2  
 2 Kaiden Guhle             Nikita Zaitsev                                    35     1   2  2  
 3 William Borgen           Nick Seeler                                       25     1   2  2  
 4 Travis Sanheim           Brett Kulak                                       0      1   2  2  

PowerPlay Forward 
   Center                   Left Wing                Right Wing               Time % Phy DF OF 
 1 Tyler Seguin             Nico Sturm               William Nylander         55     1   2  2  
 2 Travis Boyd              Warren Foegele           Morgan Geekie            45     1   2  2  

PowerPlay Defense
   Defense                  Defense                                           Time % Phy DF OF 
 1 Travis Sanheim           Brett Kulak                                       55     1   2  2  
 2 Kaiden Guhle             Nikita Zaitsev                                    45     1   2  2  

Penalty Kill 4 Players Forward 
   Center                   Wing                     Time % Phy DF OF 
 1 William Nylander         Tyler Seguin             55     1   2  2  
 2 Travis Boyd              Sean Monahan             45     1   2  2  

Penalty Kill 4 Players Defense
   Defense                  Defense                  Time % Phy DF OF 
 1 Travis Sanheim           Brett Kulak              55     1   2  2  
 2 Kaiden Guhle             Nikita Zaitsev           45     1   2  2  

Penalty Kill - 3 Players Forward 
   Forward                                           Time % Phy DF OF 
 1 William Nylander                                  55     1   2  2  
 2 Tyler Seguin                                      45     1   2  2  

Penalty Kill - 3 Players Defense
   Defense                  Defense                  Time % Phy DF OF 
 1 Travis Sanheim           Brett Kulak              55     1   2  2  
 2 Kaiden Guhle             Nikita Zaitsev           45     1   2  2  

4 vs 4 Forward 
   Center                   Wing                     Time % Phy DF OF 
 1 William Nylander         Tyler Seguin             55     1   2  2  
 2 Travis Boyd              Sean Monahan             45     1   2  2  

4 vs 4 Defense
   Defense                  Defense                  Time % Phy DF OF 
 1 Travis Sanheim           Brett Kulak              55     1   2  2  
 2 Kaiden Guhle             Nikita Zaitsev           45     1   2  2  

Last Minutes Offensive
   Center                   Left Wing                Right Wing               Defense                  Defense                  
   Tyler Seguin             Nico Sturm               William Nylander         Travis Sanheim           Brett Kulak              

Last Minutes Defensive
   Center                   Left Wing                Right Wing               Defense                  Defense                  
   Tyler Seguin             Nico Sturm               William Nylander         Travis Sanheim           Brett Kulak              

Goaltenders
Starting : Karel Vejmelka           
Backup : Semyon Varlamov          

Extra Forwards
Normal : Jimmy Vesey, Curtis Lazar, Jakub Vrana - PP : Jimmy Vesey, Curtis Lazar - PK : Jakub Vrana
Extra Defensemen
Normal : William Borgen, Nick Seeler, Kaiden Guhle - PP : William Borgen - PK : Nick Seeler, Kaiden Guhle
Penalty Shots
William Nylander, Tyler Seguin, Travis Boyd, Sean Monahan, Nico Sturm
Custom OT Lines Forwards
William Nylander, Tyler Seguin, Travis Boyd, Sean Monahan, Nico Sturm, Warren Foegele, Jimmy Vesey, Morgan Geekie, Curtis Lazar, Jakub Vrana
Custom OT Lines Defensemen
Travis Sanheim, Brett Kulak, Kaiden Guhle, Nikita Zaitsev, William Borgen

Scratches
Andrew Nielsen (Healthy), Chris Tierney (Healthy), Radim Simek (Healthy), Casey DeSmith (Healthy)

% Time on Ice - REGINA FALCONS

Lines # - Real PCT - Wanted PCT - Time Play
Normal Forward
1 - 39% - 36% - 18:15
2 - 28% - 31% - 13:08
3 - 23% - 23% - 10:45
4 - 11% - 10% - 5:16
Normal Defense
1 - 35% - 36% - 16:22
2 - 34% - 31% - 16:21
3 - 26% - 23% - 12:09
4 - 5% - 10% - 2:32
PP Forward
1 - 45% - 55% - 4:27
2 - 55% - 45% - 5:28
PP Defense
1 - 62% - 55% - 6:08
2 - 38% - 45% - 3:47
PK Forward
1 - 74% - 55% - 1:59
2 - 26% - 45% - 0:42
PK Defense
1 - 48% - 55% - 1:17
2 - 52% - 45% - 1:24
PK3 Forward
1 - 0% - 55%
2 - 0% - 45%
PK3 Defense
1 - 0% - 55%
2 - 0% - 45%
44 Forward
1 - 0% - 55%
2 - 0% - 45%
44 Defense
1 - 0% - 55%
2 - 0% - 45%
Last Minute Offensive  - 0:00
Last Minute Defensive  - 0:00
Total
Forward - 60:00
Defense - 60:00

% Time on Ice - SEATTLE GRUNGE

Lines # - Real PCT - Wanted PCT - Time Play
Normal Forward
1 - 31% - 37% - 14:40
2 - 32% - 33% - 15:18
3 - 22% - 23% - 10:19
4 - 15% - 7% - 7:07
Normal Defense
1 - 37% - 40% - 17:20
2 - 34% - 35% - 16:01
3 - 30% - 25% - 14:03
4 - 0% - 0% - 0:00
PP Forward
1 - 64% - 55% - 1:43
2 - 36% - 45% - 0:58
PP Defense
1 - 64% - 55% - 1:43
2 - 36% - 45% - 0:58
PK Forward
1 - 63% - 55% - 6:14
2 - 37% - 45% - 3:41
PK Defense
1 - 49% - 55% - 4:53
2 - 51% - 45% - 5:02
PK3 Forward
1 - 0% - 55%
2 - 0% - 45%
PK3 Defense
1 - 0% - 55%
2 - 0% - 45%
44 Forward
1 - 0% - 55%
2 - 0% - 45%
44 Defense
1 - 0% - 55%
2 - 0% - 45%
Last Minute Offensive  - 0:00
Last Minute Defensive  - 0:00
Total
Forward - 60:00
Defense - 60:00

Play-by-Play

1st period


0:01 of 1st period - Rickard Rakell wins face-off versus Tyler Seguin in neutral zone.
0:18 of 1st period - Shot by Rickard Rakell.
0:18 of 1st period - Shot Misses the Net.
0:20 of 1st period - Shot by Aaron Ekblad.
0:20 of 1st period - Shot Blocked by Brett Kulak.
0:25 of 1st period - Icing by Brett Kulak.
0:26 of 1st period - Tyler Seguin wins face-off versus Jacob Peterson in SEATTLE GRUNGE zone.
0:26 of 1st period - Tyler Seguin is hit by Eric Robinson.
0:52 of 1st period - Shot by Jacob Peterson.
0:52 of 1st period - Shot Misses the Net.
1:16 of 1st period - Shot by Travis Boyd.
1:16 of 1st period - Stopped by Cale Morris without a rebound.
1:17 of 1st period - Sean Monahan wins face-off versus Max Jones in REGINA FALCONS zone.
1:18 of 1st period - Shot by Jimmy Vesey.
1:18 of 1st period - Shot Misses the Net.
2:22 of 1st period - Shot by David Pastrnak.
2:22 of 1st period - Stopped by Karel Vejmelka without a rebound.
2:23 of 1st period - Greg Meireles wins face-off versus Warren Foegele in SEATTLE GRUNGE zone.
2:57 of 1st period - Nico Sturm is hit by Sammy Walker and loses puck.
3:26 of 1st period - Shot by David Pastrnak.
3:26 of 1st period - Shot Misses the Net.
3:36 of 1st period - Shot by David Pastrnak.
3:36 of 1st period - Stopped by Karel Vejmelka with a rebound.
3:38 of 1st period - Shot by David Pastrnak.
3:38 of 1st period - Shot Misses the Net.
4:19 of 1st period - Shot by William Nylander.
4:19 of 1st period - Shot Misses the Net.
4:29 of 1st period - Shot by William Nylander.
4:29 of 1st period - Deflect By Tyler Seguin.
4:29 of 1st period - Goal by Tyler Seguin - REGINA FALCONS : 0 - SEATTLE GRUNGE : 1.
4:30 of 1st period - Sean Monahan wins face-off versus Jacob Peterson in neutral zone.
4:34 of 1st period - Icing by Eric Robinson.
4:35 of 1st period - Sean Monahan wins face-off versus Jacob Peterson in REGINA FALCONS zone.
4:58 of 1st period - Shot by Sean Monahan.
4:58 of 1st period - Stopped by Cale Morris without a rebound.
4:59 of 1st period - Travis Boyd wins face-off versus Rickard Rakell in REGINA FALCONS zone.
5:15 of 1st period - Shot by William Borgen.
5:15 of 1st period - Shot Blocked by Aaron Ekblad.
5:17 of 1st period - Shot by Nico Sturm.
5:17 of 1st period - Stopped by Cale Morris with a rebound.
5:31 of 1st period - Shot by Rickard Rakell.
5:31 of 1st period - Shot Blocked by Nick Seeler.
6:08 of 1st period - Shot by Jason Zucker.
6:08 of 1st period - Stopped by Karel Vejmelka without a rebound.
6:09 of 1st period - Sean Monahan wins face-off versus Simon Ryfors in SEATTLE GRUNGE zone.
6:13 of 1st period - Off-side.
6:14 of 1st period - Simon Ryfors wins face-off versus Tyler Seguin in neutral zone.
6:18 of 1st period - Minor Penalty to Max Jones for Hooking.
6:19 of 1st period - William Nylander wins face-off versus Rickard Rakell in REGINA FALCONS zone.
6:28 of 1st period - Shot by Tyler Seguin.
6:28 of 1st period - Stopped by Cale Morris with a rebound.
8:42 of 1st period - Shot by Cole Smith.
8:42 of 1st period - Stopped by Karel Vejmelka without a rebound.
8:43 of 1st period - Rickard Rakell wins face-off versus Rem Pitlick in SEATTLE GRUNGE zone.
8:46 of 1st period - Shot by Andrei Kuzmenko.
8:46 of 1st period - Stopped by Karel Vejmelka without a rebound.
8:47 of 1st period - Jakub Vrana wins face-off versus Simon Ryfors in SEATTLE GRUNGE zone.
8:49 of 1st period - Icing by Alexey Toropchenko.
8:50 of 1st period - Simon Ryfors wins face-off versus Rem Pitlick in SEATTLE GRUNGE zone.
9:27 of 1st period - Shot by Erik Gustafsson.
9:27 of 1st period - Stopped by Karel Vejmelka without a rebound.
9:28 of 1st period - Tyler Seguin wins face-off versus Jacob Peterson in SEATTLE GRUNGE zone.
9:41 of 1st period - Shot by Tyler Seguin.
9:41 of 1st period - Shot Misses the Net.
9:51 of 1st period - Shot by Tyler Seguin.
9:51 of 1st period - Deflect By William Nylander.
9:51 of 1st period - Stopped by Cale Morris without a rebound.
9:52 of 1st period - Travis Boyd wins face-off versus Rickard Rakell in REGINA FALCONS zone.
10:12 of 1st period - Icing by Matthew Grzelcyk.
10:13 of 1st period - Tyler Seguin wins face-off versus Rickard Rakell in REGINA FALCONS zone.
10:29 of 1st period - Andrei Kuzmenko is hit by Nikita Zaitsev and loses puck.
10:36 of 1st period - Shot by David Pastrnak.
10:36 of 1st period - Stopped by Karel Vejmelka with a rebound.
11:04 of 1st period - Icing by Tyler Seguin.
11:05 of 1st period - Jacob Peterson wins face-off versus Tyler Seguin in SEATTLE GRUNGE zone.
11:50 of 1st period - Shot by Jason Zucker.
11:50 of 1st period - Goal by Jason Zucker - REGINA FALCONS : 1 - SEATTLE GRUNGE : 1.
11:51 of 1st period - Simon Ryfors wins face-off versus Jimmy Vesey in neutral zone.
11:55 of 1st period - Off-side.
11:56 of 1st period - Sean Monahan wins face-off versus Simon Ryfors in neutral zone.
12:01 of 1st period - Curtis Lazar is hit by John Klingberg and loses puck.
12:13 of 1st period - John Klingberg is hit by Nick Seeler and loses puck.
12:20 of 1st period - Shot by John Klingberg.
12:20 of 1st period - Shot Misses the Net.
12:48 of 1st period - Minor Penalty to Curtis Lazar for Roughing.
12:49 of 1st period - Rickard Rakell wins face-off versus William Nylander in SEATTLE GRUNGE zone.
13:06 of 1st period - Shot by David Pastrnak.
13:06 of 1st period - Stopped by Karel Vejmelka without a rebound.
13:07 of 1st period - Jacob Peterson wins face-off versus William Nylander in SEATTLE GRUNGE zone.
14:03 of 1st period - Shot by Erik Gustafsson.
14:03 of 1st period - Stopped by Karel Vejmelka without a rebound.
14:04 of 1st period - Travis Boyd wins face-off versus Rickard Rakell in SEATTLE GRUNGE zone.
14:51 of 1st period - Eric Robinson is hit by William Borgen and loses puck.
15:03 of 1st period - Jakub Vrana is hit by Alexander Edler and loses puck.
15:20 of 1st period - Shot by Rem Pitlick.
15:20 of 1st period - Goal by Rem Pitlick - REGINA FALCONS : 1 - SEATTLE GRUNGE : 2.
15:21 of 1st period - Simon Ryfors wins face-off versus Travis Boyd in neutral zone.
15:42 of 1st period - Icing by Cole Smith.
15:43 of 1st period - Tyler Seguin wins face-off versus Simon Ryfors in REGINA FALCONS zone.
15:48 of 1st period - Shot by Morgan Geekie.
15:48 of 1st period - Shot Misses the Net.
16:02 of 1st period - Shot by Morgan Geekie.
16:02 of 1st period - Stopped by Cale Morris without a rebound.
16:03 of 1st period - Travis Boyd wins face-off versus Jacob Peterson in REGINA FALCONS zone.
17:04 of 1st period - David Pastrnak is hit by Morgan Geekie and loses puck.
17:11 of 1st period - Shot by Tyler Seguin.
17:11 of 1st period - Stopped by Cale Morris without a rebound.
17:12 of 1st period - Sean Monahan wins face-off versus Simon Ryfors in REGINA FALCONS zone.
17:17 of 1st period - Shot by Curtis Lazar.
17:17 of 1st period - Stopped by Cale Morris without a rebound.
17:18 of 1st period - Rickard Rakell wins face-off versus Sean Monahan in REGINA FALCONS zone.
17:22 of 1st period - Travis Sanheim is hit by Aaron Ekblad.
17:35 of 1st period - Shot by Sean Monahan.
17:35 of 1st period - Shot Blocked by Aaron Ekblad.
17:46 of 1st period - Shot by Sean Monahan.
17:46 of 1st period - Deflect By Jimmy Vesey.
17:46 of 1st period - Shot Blocked by Ivan Provorov.
18:06 of 1st period - Shot by Rickard Rakell.
18:06 of 1st period - Stopped by Karel Vejmelka without a rebound.
18:07 of 1st period - Tyler Seguin wins face-off versus Jacob Peterson in SEATTLE GRUNGE zone.
18:07 of 1st period - Tyler Seguin is hit by Jason Zucker.
18:12 of 1st period - Icing by Tyler Seguin.
18:13 of 1st period - Tyler Seguin wins face-off versus Jason Zucker in SEATTLE GRUNGE zone.
18:20 of 1st period - Shot by Tyler Seguin.
18:20 of 1st period - Stopped by Cale Morris without a rebound.
18:21 of 1st period - Jacob Peterson wins face-off versus Travis Boyd in REGINA FALCONS zone.
18:21 of 1st period - Jacob Peterson is hit by Warren Foegele.
18:22 of 1st period - Jacob Peterson from REGINA FALCONS is injured at 18:22 of 1st period (Right Foot).
18:23 of 1st period - Tyler Seguin wins face-off versus Cole Smith in REGINA FALCONS zone.
18:36 of 1st period - Shot by Tyler Seguin.
18:36 of 1st period - Stopped by Cale Morris with a rebound.
18:38 of 1st period - Shot by Kaiden Guhle.
18:38 of 1st period - Stopped by Cale Morris without a rebound.
18:39 of 1st period - Rickard Rakell wins face-off versus Travis Boyd in REGINA FALCONS zone.
18:39 of 1st period - Rickard Rakell is hit by Warren Foegele.
18:42 of 1st period - Icing by David Pastrnak.
18:43 of 1st period - Rickard Rakell wins face-off versus Tyler Seguin in REGINA FALCONS zone.
19:29 of 1st period - Shot by David Pastrnak.
19:29 of 1st period - Shot Blocked by Travis Sanheim.
19:57 of 1st period - Shot by Jason Zucker.
19:57 of 1st period - Stopped by Karel Vejmelka without a rebound.
19:58 of 1st period - Greg Meireles wins face-off versus Sean Monahan in SEATTLE GRUNGE zone.
Goals for this period are 1 for REGINA FALCONS vs 2 for SEATTLE GRUNGE.
Shots for this period are 12 for REGINA FALCONS vs 13 for SEATTLE GRUNGE.

2nd period


0:01 of 2nd period - Cole Smith wins face-off versus Travis Boyd in neutral zone.
0:14 of 2nd period - Shot by Jason Zucker.
0:14 of 2nd period - Stopped by Karel Vejmelka without a rebound.
0:15 of 2nd period - Rickard Rakell wins face-off versus Tyler Seguin in SEATTLE GRUNGE zone.
0:15 of 2nd period - Andrei Kuzmenko is hit by Nikita Zaitsev and loses puck.
0:24 of 2nd period - Shot by Tyler Seguin.
0:24 of 2nd period - Stopped by Cale Morris without a rebound.
0:25 of 2nd period - Warren Foegele wins face-off versus Cole Smith in REGINA FALCONS zone.
0:28 of 2nd period - Shot by Travis Boyd.
0:28 of 2nd period - Shot Misses the Net.
1:18 of 2nd period - Shot by David Pastrnak.
1:18 of 2nd period - Stopped by Karel Vejmelka with a rebound.
1:20 of 2nd period - Shot by Rickard Rakell.
1:20 of 2nd period - Stopped by Karel Vejmelka without a rebound.
1:21 of 2nd period - Rickard Rakell wins face-off versus Tyler Seguin in SEATTLE GRUNGE zone.
1:34 of 2nd period - Shot by Rickard Rakell.
1:34 of 2nd period - Stopped by Karel Vejmelka with a rebound.
1:36 of 2nd period - Shot by Alexander Edler.
1:36 of 2nd period - Stopped by Karel Vejmelka without a rebound.
1:37 of 2nd period - Jimmy Vesey wins face-off versus Rickard Rakell in SEATTLE GRUNGE zone.
1:44 of 2nd period - Shot by Rickard Rakell.
1:44 of 2nd period - Stopped by Karel Vejmelka without a rebound.
1:45 of 2nd period - Rickard Rakell wins face-off versus Tyler Seguin in SEATTLE GRUNGE zone.
1:56 of 2nd period - Shot by David Pastrnak.
1:56 of 2nd period - Stopped by Karel Vejmelka without a rebound.
1:57 of 2nd period - Cole Smith wins face-off versus Curtis Lazar in SEATTLE GRUNGE zone.
2:17 of 2nd period - Shot by Jason Zucker.
2:17 of 2nd period - Stopped by Karel Vejmelka without a rebound.
2:18 of 2nd period - Tyler Seguin wins face-off versus Rickard Rakell in SEATTLE GRUNGE zone.
2:26 of 2nd period - Icing by Matthew Grzelcyk.
2:27 of 2nd period - Travis Boyd wins face-off versus Andrei Kuzmenko in REGINA FALCONS zone.
2:32 of 2nd period - Shot by Travis Boyd.
2:32 of 2nd period - Stopped by Cale Morris without a rebound.
2:33 of 2nd period - Cole Smith wins face-off versus Tyler Seguin in REGINA FALCONS zone.
2:33 of 2nd period - Cole Smith is hit by William Nylander.
3:09 of 2nd period - Shot by Jason Zucker.
3:09 of 2nd period - Shot Misses the Net.
3:16 of 2nd period - Eric Robinson is hit by Nikita Zaitsev and loses puck.
3:29 of 2nd period - Icing by Nikita Zaitsev.
3:30 of 2nd period - Tyler Seguin wins face-off versus David Pastrnak in SEATTLE GRUNGE zone.
3:55 of 2nd period - Icing by David Pastrnak.
3:56 of 2nd period - Sean Monahan wins face-off versus Rickard Rakell in REGINA FALCONS zone.
5:15 of 2nd period - Shot by Travis Boyd.
5:15 of 2nd period - Goal by Travis Boyd - REGINA FALCONS : 1 - SEATTLE GRUNGE : 3.
5:16 of 2nd period - Greg Meireles wins face-off versus Rem Pitlick in neutral zone.
6:25 of 2nd period - Shot by William Nylander.
6:25 of 2nd period - Stopped by Cale Morris without a rebound.
6:26 of 2nd period - Max Jones wins face-off versus Travis Boyd in REGINA FALCONS zone.
7:35 of 2nd period - Shot by David Pastrnak.
7:35 of 2nd period - Stopped by Karel Vejmelka without a rebound.
7:36 of 2nd period - Rickard Rakell wins face-off versus Sean Monahan in SEATTLE GRUNGE zone.
7:45 of 2nd period - Shot by David Pastrnak.
7:45 of 2nd period - Stopped by Karel Vejmelka without a rebound.
7:46 of 2nd period - Rem Pitlick wins face-off versus Rickard Rakell in SEATTLE GRUNGE zone.
7:46 of 2nd period - Rem Pitlick is hit by Rickard Rakell.
8:07 of 2nd period - Andrei Kuzmenko is hit by Alexey Toropchenko and loses puck.
8:23 of 2nd period - Rickard Rakell is hit by Brett Kulak and loses puck.
10:03 of 2nd period - Minor Penalty to Nick Seeler for High sticking.
10:04 of 2nd period - Rickard Rakell wins face-off versus William Nylander in SEATTLE GRUNGE zone.
10:13 of 2nd period - Shot by David Pastrnak.
10:13 of 2nd period - Stopped by Karel Vejmelka without a rebound.
10:14 of 2nd period - David Pastrnak wins face-off versus William Nylander in SEATTLE GRUNGE zone.
10:21 of 2nd period - Shot by Jason Zucker.
10:21 of 2nd period - Stopped by Karel Vejmelka without a rebound.
10:22 of 2nd period - Andrei Kuzmenko wins face-off versus William Nylander in SEATTLE GRUNGE zone.
10:36 of 2nd period - Icing by Rickard Rakell.
10:37 of 2nd period - Rickard Rakell wins face-off versus William Nylander in REGINA FALCONS zone.
10:47 of 2nd period - Shot by David Pastrnak.
10:47 of 2nd period - Stopped by Karel Vejmelka without a rebound.
10:48 of 2nd period - Cole Smith wins face-off versus William Nylander in SEATTLE GRUNGE zone.
10:48 of 2nd period - Cole Smith is hit by Nikita Zaitsev.
10:55 of 2nd period - David Pastrnak is hit by Nikita Zaitsev and loses puck.
12:18 of 2nd period - Off-side.
12:19 of 2nd period - Sean Monahan wins face-off versus Greg Meireles in neutral zone.
12:22 of 2nd period - Shot by Jimmy Vesey.
12:22 of 2nd period - Shot Misses the Net.
12:27 of 2nd period - Off-side.
12:28 of 2nd period - Travis Boyd wins face-off versus Rickard Rakell in neutral zone.
12:32 of 2nd period - Minor Penalty to Warren Foegele for Holding.
12:33 of 2nd period - David Pastrnak wins face-off versus William Nylander in SEATTLE GRUNGE zone.
12:40 of 2nd period - Shot by Andrei Kuzmenko.
12:40 of 2nd period - Stopped by Karel Vejmelka with a rebound.
12:42 of 2nd period - Shot by Ivan Provorov.
12:42 of 2nd period - Stopped by Karel Vejmelka without a rebound.
12:43 of 2nd period - Rickard Rakell wins face-off versus William Nylander in SEATTLE GRUNGE zone.
12:58 of 2nd period - Shot by Andrei Kuzmenko.
12:58 of 2nd period - Shot Misses the Net.
13:00 of 2nd period - Shot by David Pastrnak.
13:00 of 2nd period - Shot Misses the Net.
13:02 of 2nd period - Shot by Andrei Kuzmenko.
13:02 of 2nd period - Deflect By David Pastrnak.
13:02 of 2nd period - Stopped by Karel Vejmelka without a rebound.
13:03 of 2nd period - Cole Smith wins face-off versus Travis Boyd in SEATTLE GRUNGE zone.
13:06 of 2nd period - Shot by Jason Zucker.
13:06 of 2nd period - Shot Blocked by Travis Boyd.
14:16 of 2nd period - Shot by Andrei Kuzmenko.
14:16 of 2nd period - Shot Misses the Net.
14:18 of 2nd period - Shot by Andrei Kuzmenko.
14:18 of 2nd period - Shot Blocked by Tyler Seguin.
14:20 of 2nd period - Shot by Ivan Provorov.
14:20 of 2nd period - Shot Misses the Net.
14:22 of 2nd period - Shot by Aaron Ekblad.
14:22 of 2nd period - Stopped by Karel Vejmelka without a rebound.
14:23 of 2nd period - Greg Meireles wins face-off versus Travis Boyd in SEATTLE GRUNGE zone.
15:04 of 2nd period - Shot by Rem Pitlick.
15:04 of 2nd period - Shot Blocked by Matthew Grzelcyk.
15:06 of 2nd period - Shot by William Borgen.
15:06 of 2nd period - Goal by William Borgen - REGINA FALCONS : 1 - SEATTLE GRUNGE : 4.
15:06 of 2nd period - Kaden Fulcher enters game.
15:07 of 2nd period - Simon Ryfors wins face-off versus Travis Boyd in neutral zone.
15:49 of 2nd period - Icing by Nico Sturm.
15:50 of 2nd period - Greg Meireles wins face-off versus Travis Boyd in SEATTLE GRUNGE zone.
15:55 of 2nd period - Shot by Jason Zucker.
15:55 of 2nd period - Stopped by Karel Vejmelka with a rebound.
16:09 of 2nd period - Erik Gustafsson is hit by Morgan Geekie and loses puck.
16:16 of 2nd period - Shot by Tyler Seguin.
16:16 of 2nd period - Deflect By William Nylander.
16:16 of 2nd period - Shot Blocked by John Klingberg.
16:18 of 2nd period - Shot by William Nylander.
16:18 of 2nd period - Stopped by Kaden Fulcher without a rebound.
16:19 of 2nd period - Sean Monahan wins face-off versus Rickard Rakell in REGINA FALCONS zone.
16:52 of 2nd period - Icing by Rickard Rakell.
16:53 of 2nd period - Rickard Rakell wins face-off versus Tyler Seguin in REGINA FALCONS zone.
17:55 of 2nd period - Shot by Aaron Ekblad.
17:55 of 2nd period - Stopped by Karel Vejmelka without a rebound.
17:56 of 2nd period - Travis Boyd wins face-off versus Simon Ryfors in SEATTLE GRUNGE zone.
17:56 of 2nd period - Travis Boyd is hit by Cole Smith.
18:11 of 2nd period - Off-side.
18:12 of 2nd period - Sean Monahan wins face-off versus Rickard Rakell in neutral zone.
18:29 of 2nd period - Icing by William Borgen.
18:30 of 2nd period - Sean Monahan wins face-off versus Max Jones in SEATTLE GRUNGE zone.
18:30 of 2nd period - Jimmy Vesey is hit by Eric Robinson and loses puck.
18:57 of 2nd period - Icing by Curtis Lazar.
18:58 of 2nd period - Sean Monahan wins face-off versus Rickard Rakell in SEATTLE GRUNGE zone.
19:03 of 2nd period - Shot by Curtis Lazar.
19:03 of 2nd period - Goal by Curtis Lazar - REGINA FALCONS : 1 - SEATTLE GRUNGE : 5.
19:04 of 2nd period - Rickard Rakell wins face-off versus Warren Foegele in neutral zone.
Goals for this period are 0 for REGINA FALCONS vs 3 for SEATTLE GRUNGE.
Shots for this period are 19 for REGINA FALCONS vs 7 for SEATTLE GRUNGE.

3rd period


0:01 of 3rd period - Cole Smith wins face-off versus Tyler Seguin in neutral zone.
0:22 of 3rd period - Shot by Morgan Geekie.
0:22 of 3rd period - Stopped by Kaden Fulcher without a rebound.
0:23 of 3rd period - Travis Boyd wins face-off versus Rickard Rakell in REGINA FALCONS zone.
1:33 of 3rd period - Shot by Tyler Seguin.
1:33 of 3rd period - Shot Misses the Net.
2:19 of 3rd period - Curtis Lazar is hit by Cole Smith and loses puck.
2:23 of 3rd period - Icing by William Borgen.
2:24 of 3rd period - Sean Monahan wins face-off versus Simon Ryfors in SEATTLE GRUNGE zone.
2:24 of 3rd period - Curtis Lazar is hit by Cole Smith.
2:28 of 3rd period - Shot by Jimmy Vesey.
2:28 of 3rd period - Shot Misses the Net.
3:13 of 3rd period - Icing by Kaiden Guhle.
3:14 of 3rd period - Nico Sturm wins face-off versus Jason Zucker in SEATTLE GRUNGE zone.
3:14 of 3rd period - Nico Sturm is hit by Eric Robinson.
4:10 of 3rd period - Shot by Morgan Geekie.
4:10 of 3rd period - Deflect By William Nylander.
4:10 of 3rd period - Shot Blocked by Aaron Ekblad.
4:12 of 3rd period - Shot by Brett Kulak.
4:12 of 3rd period - Stopped by Kaden Fulcher without a rebound.
4:13 of 3rd period - Sean Monahan wins face-off versus Simon Ryfors in REGINA FALCONS zone.
4:14 of 3rd period - Shot by Jimmy Vesey.
4:14 of 3rd period - Shot Blocked by Max Jones.
4:50 of 3rd period - Icing by Cole Smith.
4:51 of 3rd period - Simon Ryfors wins face-off versus Tyler Seguin in REGINA FALCONS zone.
5:49 of 3rd period - Minor Penalty to Nikita Zaitsev for Holding.
5:50 of 3rd period - Travis Boyd wins face-off versus Greg Meireles in SEATTLE GRUNGE zone.
6:01 of 3rd period - Shot by Jason Zucker.
6:01 of 3rd period - Stopped by Karel Vejmelka without a rebound.
6:02 of 3rd period - William Nylander wins face-off versus Cole Smith in SEATTLE GRUNGE zone.
6:13 of 3rd period - Shot by Aaron Ekblad.
6:13 of 3rd period - Stopped by Karel Vejmelka with a rebound.
7:08 of 3rd period - Shot by Erik Gustafsson.
7:08 of 3rd period - Stopped by Karel Vejmelka without a rebound.
7:09 of 3rd period - Max Jones wins face-off versus William Nylander in SEATTLE GRUNGE zone.
7:49 of 3rd period - Icing by Aaron Ekblad.
7:50 of 3rd period - Alexey Toropchenko wins face-off versus Rickard Rakell in REGINA FALCONS zone.
8:15 of 3rd period - Shot by Rickard Rakell.
8:15 of 3rd period - Shot Misses the Net.
8:51 of 3rd period - Shot by Eric Robinson.
8:51 of 3rd period - Stopped by Karel Vejmelka without a rebound.
8:52 of 3rd period - Tyler Seguin wins face-off versus Simon Ryfors in SEATTLE GRUNGE zone.
8:54 of 3rd period - Morgan Geekie is hit by Cole Smith and loses puck.
9:14 of 3rd period - Shot by Tyler Seguin.
9:14 of 3rd period - Shot Misses the Net.
9:25 of 3rd period - Icing by Ivan Provorov.
9:26 of 3rd period - Simon Ryfors wins face-off versus Travis Boyd in REGINA FALCONS zone.
9:52 of 3rd period - Shot by Jason Zucker.
9:52 of 3rd period - Shot Misses the Net.
9:54 of 3rd period - Shot by Eric Robinson.
9:54 of 3rd period - Shot Blocked by William Borgen.
10:04 of 3rd period - Off-side.
10:05 of 3rd period - Sean Monahan wins face-off versus Rickard Rakell in neutral zone.
10:05 of 3rd period - Sean Monahan is hit by Rickard Rakell.
10:17 of 3rd period - Shot by Curtis Lazar.
10:17 of 3rd period - Shot Misses the Net.
10:19 of 3rd period - Shot by Travis Sanheim.
10:19 of 3rd period - Shot Blocked by Alexander Edler.
11:28 of 3rd period - Shot by Tyler Seguin.
11:28 of 3rd period - Shot Blocked by Ivan Provorov.
11:52 of 3rd period - Shot by John Klingberg.
11:52 of 3rd period - Shot Blocked by Nick Seeler.
11:56 of 3rd period - Shot by John Klingberg.
11:56 of 3rd period - Shot Blocked by William Borgen.
12:03 of 3rd period - Shot by John Klingberg.
12:03 of 3rd period - Stopped by Karel Vejmelka without a rebound.
12:04 of 3rd period - Rem Pitlick wins face-off versus Rickard Rakell in SEATTLE GRUNGE zone.
12:25 of 3rd period - Shot by Alexey Toropchenko.
12:25 of 3rd period - Goal by Alexey Toropchenko - REGINA FALCONS : 1 - SEATTLE GRUNGE : 6.
12:26 of 3rd period - Sean Monahan wins face-off versus Eric Robinson in neutral zone.
12:28 of 3rd period - Off-side.
12:29 of 3rd period - Nico Sturm wins face-off versus Cole Smith in neutral zone.
13:29 of 3rd period - John Klingberg is hit by Nico Sturm and loses puck.
14:01 of 3rd period - Shot by David Pastrnak.
14:01 of 3rd period - Shot Misses the Net.
14:29 of 3rd period - Shot by Alexander Edler.
14:29 of 3rd period - Stopped by Karel Vejmelka without a rebound.
14:30 of 3rd period - Max Jones wins face-off versus Tyler Seguin in SEATTLE GRUNGE zone.
14:41 of 3rd period - Shot by William Nylander.
14:41 of 3rd period - Stopped by Kaden Fulcher without a rebound.
14:42 of 3rd period - Sean Monahan wins face-off versus Eric Robinson in REGINA FALCONS zone.
14:54 of 3rd period - Off-side.
14:55 of 3rd period - Tyler Seguin wins face-off versus Rickard Rakell in neutral zone.
15:27 of 3rd period - Shot by Tyler Seguin.
15:27 of 3rd period - Stopped by Kaden Fulcher without a rebound.
15:28 of 3rd period - Simon Ryfors wins face-off versus Sean Monahan in REGINA FALCONS zone.
15:34 of 3rd period - Erik Gustafsson is hit by William Borgen and loses puck.
15:56 of 3rd period - Icing by Erik Gustafsson.
15:57 of 3rd period - Rem Pitlick wins face-off versus Simon Ryfors in REGINA FALCONS zone.
16:22 of 3rd period - Shot by Jakub Vrana.
16:22 of 3rd period - Shot Blocked by Erik Gustafsson.
16:35 of 3rd period - Minor Penalty to Alexey Toropchenko for Boarding.
16:36 of 3rd period - Rickard Rakell wins face-off versus William Nylander in SEATTLE GRUNGE zone.
17:21 of 3rd period - Shot by David Pastrnak.
17:21 of 3rd period - Shot Misses the Net.
17:41 of 3rd period - Kaiden Guhle is hit by Jason Zucker and loses puck.
18:11 of 3rd period - Ivan Provorov is hit by Travis Sanheim.
18:43 of 3rd period - William Borgen is hit by Max Jones and loses puck.
18:51 of 3rd period - Icing by Rem Pitlick.
18:52 of 3rd period - Rem Pitlick wins face-off versus Rickard Rakell in SEATTLE GRUNGE zone.
18:52 of 3rd period - Rem Pitlick is hit by Rickard Rakell.
19:00 of 3rd period - Shot by Andrei Kuzmenko.
19:00 of 3rd period - Stopped by Karel Vejmelka without a rebound.
19:01 of 3rd period - Simon Ryfors wins face-off versus Sean Monahan in SEATTLE GRUNGE zone.
19:06 of 3rd period - Shot by Max Jones.
19:06 of 3rd period - Shot Blocked by Travis Sanheim.
19:08 of 3rd period - Shot by Aaron Ekblad.
19:08 of 3rd period - Stopped by Karel Vejmelka without a rebound.
19:09 of 3rd period - Travis Boyd wins face-off versus Sammy Walker in SEATTLE GRUNGE zone.
19:09 of 3rd period - Warren Foegele is hit by Eric Robinson and loses puck.
19:17 of 3rd period - Minor Penalty to Eric Robinson for Hooking.
19:18 of 3rd period - Tyler Seguin wins face-off versus Rickard Rakell in REGINA FALCONS zone.
19:35 of 3rd period - Shot by William Nylander.
19:35 of 3rd period - Stopped by Kaden Fulcher with a rebound.
Goals for this period are 0 for REGINA FALCONS vs 1 for SEATTLE GRUNGE.
Shots for this period are 8 for REGINA FALCONS vs 6 for SEATTLE GRUNGE.


BLAKE
WHEELER
STEVEN
STAMKOS
DREW
DOUGHTY

EAST COAST

HOCKEY LEAGUE

  • 63.RHI2PIT5
  • 64.WOR4ATL3
  • 65.QUECHW
  • 66.CHATRV